 Dungeon Crawl Stone Soup version 0.17-a0-528-gc205fd0 (webtiles) character file.

191 BluebellGnoll the Sneak (level 5, -10/27 HPs)
             Began as a Spriggan Berserker on Apr 12, 2015.
             Was a Priest of Trog.
             Mangled by an ogre
             ... wielding a +0 giant spiked club
              (26 damage)
             ... on level 4 of the Dungeon.
             The game lasted 00:09:27 (4060 turns).

BluebellGnoll the Sneak (Spriggan Berserker)        Turns: 4060, Time: 00:09:27

Health: -10/27     AC:  4    Str: 14    XL:     5   Next: 41%
Magic:  6/6        EV: 19    Int:  9    God:    Trog [***...]
Gold:   102        SH:  0    Dex: 15    Spells: 0 memorised, 4 levels left

rFire  . . .     SeeInvis +     t - +2 dagger (venom)
rCold  + . .     Clarity  .     b - +1 animal skin
rNeg   . . .     SustAb   .     (shield restricted)
rPois  +         Gourm    .     (helmet restricted)
rElec  .         Spirit   .     k - +0 cloak
rCorr  .         Warding  .     (gloves unavailable)
rMut   .         Stasis   .     (boots unavailable)
MR     .....                    (no amulet)
Stlth  ++++......               u - ring of poison resistance
                                s - ring of protection from cold

@: very quick, not resistant to hostile enchantments, stealthy
A: unfitting armour, see invisible, herbivore 3, speed 3, slow metabolism 2
a: Burn Spellbooks, Berserk, Trog's Hand, Renounce Religion


You were on level 4 of the Dungeon.
You worshipped Trog.
Trog was most pleased with you.
You were not hungry.

You visited 1 branch of the dungeon, and saw 4 of its levels.

You collected 102 gold pieces.

Inventory:

Hand weapons
 a - a +0 short sword
 t - a +2 dagger of venom (weapon)
Missiles
 f - 103 stones (quivered)
Armour
 b - a +1 animal skin (worn)
 k - a +0 cloak (worn)
Jewellery
 s - a ring of protection from cold (left hand)
 u - a ring of poison resistance (right hand)
Magical devices
 v - a wand of slowing (48)
Scrolls
 d - 2 scrolls of remove curse
 e - a scroll of recharging
 g - 2 scrolls of fear
 h - 2 scrolls of fog
Potions
 i - a potion of cure mutation {unknown}
 j - a potion of curing {unknown}
 l - a potion of ambrosia {unknown}
 m - a potion of degeneration {unknown}
 q - a potion of might {unknown}
Comestibles
 c - 3 bread rations


   Skills:
 - Level 2.4 Fighting
 * Level 4.5 Short Blades
 + Level 4.8 Dodging
 - Level 6.6 Stealth


You had 4 spell levels left.
You didn't know any spells.

Dungeon Overview and Level Annotations

Branches:
Dungeon (4/15)
 Temple: D:4-7

Altars:
Cheibriados
Fedhas
Gozag
Makhleb
Zin
The Shining One


Innate Abilities, Weirdness & Mutations

You are tiny and cannot use many weapons and most armour.
You have supernaturally acute eyesight.
You are a herbivore.
You cover ground extremely quickly.
You need consume almost no food.


Message History

You barely miss the iguana.
The iguana is moderately wounded.
The iguana closely misses you.
You hit the iguana.
The iguana is moderately wounded.
You hit the iguana but do no damage.
The iguana is moderately wounded.
The iguana bites you!
You hit the iguana but do no damage.
The iguana is heavily wounded.
The iguana barely misses you.
You kill the iguana!
Trog accepts your kill. The ogre misses you.
You barely miss the ogre. You hit the ogre.
The ogre is poisoned.
The ogre is lightly wounded.
The ogre hits you with a giant spiked club!!
Ouch! That really hurt!
You die...

#.###.###.#.......
#.###.###.#..#.#..##
#.........#..#.#...#
........###..#.#.#.#
#.........#..#.#.#.. #+#
#+###.#.#.#..#.#.#.# ... .
#.#.#.#..#.#.#.# .. ..
#.#.#.#..#.#.#.#####.##....
.
#.#.#.#..#..@O.............
#.#.#......#.#..####.#.....
...................# # .
##.#......#.#.#...#
.........#.#.#...#
#.#........#.#....
....#..>...#.#..#..
...##.#.#.#.#..#.. ..
#.....#.#..#


You could see an ogre.

Vanquished Creatures
  An iguana (D:4)
  4 gnolls (D:3)
  3 adders
  3 worms
  An adder skeleton (D:4)
  2 giant geckos (D:1)
  An ooze (D:2)
  5 orcs (D:3)
  4 giant cockroaches
  12 goblins
  11 hobgoblins
  5 jackals (D:2)
  3 quokkas (D:2)
  A ball python (D:2)
  2 bats
  3 giant newts
  5 kobolds
  9 rats
75 creatures vanquished.

Notes
Turn   | Place    | Note
--------------------------------------------------------------
     0 | D:1      | BluebellGnoll, the Spriggan Berserker, began the quest for the Orb.
     0 | D:1      | Reached XP level 1. HP: 11/11 MP: 2/2
    74 | D:1      | Reached skill level 1 in Stealth
   398 | D:1      | Reached XP level 2. HP: 8/16 MP: 3/3
  1189 | D:2      | Acquired Trog's second power
  1225 | D:2      | Found a glowing golden altar of the Shining One.
  1225 | D:2      | Found a blossoming altar of Fedhas.
  1243 | D:2      | Reached XP level 3. HP: 15/19 MP: 4/4
  1247 | D:2      | Found an opulent altar of Gozag.
  1247 | D:2      | Found a snail-covered altar of Cheibriados.
  1247 | D:2      | Found a glowing silver altar of Zin.
  1247 | D:2      | Found a burning altar of Makhleb.
  1998 | D:2      | Reached skill level 5 in Stealth
  2643 | D:2      | Reached XP level 4. HP: 10/23 MP: 5/5
  3450 | D:3      | Reached skill level 6 in Stealth
  3607 | D:3      | Reached XP level 5. HP: 27/27 MP: 6/6
  4036 | D:4      | Noticed an ogre
  4060 | D:4      | Mangled by an ogre

Action                   |  1- 3 |  4- 6 || total
-------------------------+-------+-------++-------
Melee: Short sword       |   174 |     4 ||   178
       Dagger            |       |    57 ||    57
Throw: Stone             |    25 |       ||    25
Invok: Berserk           |     1 |       ||     1
  Use: Scroll            |       |    11 ||    11
 Stab: Sleeping          |     6 |    10 ||    16
  Eat: Fruit             |     4 |       ||     4
       Pizza             |       |     1 ||     1
